 Dungeon Crawl Stone Soup version 0.28.0-53-g5a82cb258f (webtiles) character file.

Game seed: 6615124664156926131

7 Sin92 the Magician (level 1, -1/14 HPs)
             Began as a Demonspawn Hedge Wizard on July 9, 2022.
             Slain by a hobgoblin (2 damage)
             ... on level 1 of the Dungeon.
             The game lasted 00:00:58 (433 turns).

Sin92 the Magician (Demonspawn Hedge Wizard)         Turns: 433, Time: 00:00:58

Health: -1/14      AC:  2    Str: 10    XL:     1   Next: 91%
Magic:  0/4        EV: 12    Int: 15    God:
Gold:   19         SH:  0    Dex: 12    Spells: 5/6 levels left

rFire   . . .      SeeInvis .   a - +0 dagger
rCold   . . .      Faith    .   (no shield)
rNeg    . . .      Spirit   .   b - +0 robe
rPois   .          Reflect  .   c - +0 hat
rElec   .          Harm     .   (no cloak)
rCorr   .          Rampage  .   (no gloves)
Will    .....                   (no boots)
Stlth   ++........              (no amulet)
HPRegen 0.04/turn               (no ring)
MPRegen 0.09/turn               (no ring)

@: no status effects
A: no striking features
a: no special abilities


You were on level 1 of the Dungeon.
You visited 1 branch of the dungeon, and saw 1 of its levels.

You collected 19 gold pieces.

Inventory:

Hand Weapons
 a - a +0 dagger (weapon)
Armour
 b - a +0 robe (worn)
 c - a +0 hat (worn)


   Skills:
 + Level 0.5 Fighting
 + Level 1.8 Dodging
 * Level 2.0 Stealth
 + Level 3.0 Spellcasting
 + Level 1.2 Conjurations
 - Level 1.0 Summonings
 + Level 1.0 Translocations


You had 5 spell levels left.
You knew the following spells:

 Your Spells              Type           Power      Damage    Failure   Level
a - Magic Dart            Conj           20%        1d4       12%         1

Your spell library contained the following spells:

 Spells                   Type           Power      Damage    Failure   Level
 Slow                     Hex            8%         N/A       21%         1
 Blink                    Tloc           10%        N/A       21%         2
 Call Imp                 Summ           5%         N/A       21%         2
 Conjure Flame            Conj/Fire      4%         6-21      43%         3
 Mephitic Cloud           Conj/Pois/Air  3%         N/A       45%         3


Dungeon Overview and Level Annotations

Branches:
Dungeon (1/15)

Altars:


Message History

The rat completely misses you. The hobgoblin closely misses you.
A kobold comes into view. It is wielding a +0 dagger.
The hobgoblin hits you.
* * * LOW HITPOINT WARNING * * *
You barely miss the hobgoblin.
The hobgoblin is lightly wounded.
The hobgoblin hits you but does no damage.
You barely miss the hobgoblin.
The hobgoblin is lightly wounded.
The hobgoblin hits you.
* * * LOW HITPOINT WARNING * * *
You closely miss the hobgoblin.
The hobgoblin is lightly wounded.
The hobgoblin closely misses you.
You hit the hobgoblin but do no damage.
The hobgoblin hits you but does no damage.
You hit the hobgoblin but do no damage. The hobgoblin closely misses you.
Unknown command.
You closely miss the hobgoblin. The hobgoblin hits you.
* * * LOW HITPOINT WARNING * * *
You completely miss the hobgoblin. The hobgoblin barely misses you.
You aren't carrying any potions.
You aren't carrying any scrolls.
You aren't carrying any pieces of jewellery.
Aiming: Magic Dart (safe; 12% risk of failure)
Press: ? - help, Q - select action Shift-Dir - straight line, f/p - rat
Aim: a rat (100% to hit)
The magic dart hits the hobgoblin.
The hobgoblin is moderately wounded.
The hobgoblin closely misses you.
You barely miss the hobgoblin.
The hobgoblin is moderately wounded.
The hobgoblin barely misses you.
You hit the hobgoblin.
The hobgoblin is heavily wounded.
The hobgoblin barely misses you.
You completely miss the hobgoblin.
The hobgoblin is heavily wounded.
The hobgoblin hits you.
You die...

.......†........#
.........#.......
................
#.#............
#.............
#............
#.wr.........
#..#g#........
#.#.#@#........ .. .
#.#.#.....# ..
.###...###.... . w.
#......#.... .. #......#
... ###......#. ..
##......†.... #########
#..............
##...8...###..........##..


You could see a dart slug, a hobgoblin and a rat.

Vanquished Creatures
  A bat (D:1)
  A giant cockroach (D:1)
  A quokka (D:1)
  A ball python (D:1)
  A frilled lizard (D:1)
  2 kobolds (D:1)
  A rat (D:1)
8 creatures vanquished.

Notes
Turn   | Place    | Note
-------+----------+-------------------------------------------
     0 | D:1      | Sin92 the Demonspawn Hedge Wizard began the quest for the
                  | Orb.
     0 | D:1      | Reached XP level 1. HP: 13/13 MP: 4/4
   360 | D:1      | Reached skill level 1 in Translocations
   433 | D:1      | Slain by a hobgoblin

Illustrated notes

Levels and vault maps discovered:
D:1:      erik_arrival_orb_chamber, layout_rooms,
          shapermc_ecumenical_altar_rom_forum, minmay_small_reverse_x

Skill      XL: |  1 |
---------------+----+-----
Translocations | 1 |  1.0
Stealth        | 2 |  2.0
Fighting       | |  0.5
Dodging        | |  1.8
Spellcasting   | |  3.0
Conjurations   | |  1.2
Summonings     | |  1.0

Action                   || total
-------------------------++-------
Melee: Dagger            ||    33
       Punch             ||     1
 Cast: Magic Dart        ||    15
Armor: Robe              ||     9
Dodge: Dodged            ||    21
